 Dungeon Crawl Stone Soup version 0.29.1-13-g9f3cf754e1 (webtiles) character file.

Game seed: 16990495587532349153

443 Thatpatchoflichen the Shooter (level 6, 0/38 HPs)
             Began as a Deep Elf Hunter on Jan 26, 2023.
             Killed from afar by an orc wizard (7 damage)
             ... with a magic dart
             ... on level 3 of the Dungeon.
             The game lasted 00:17:07 (3156 turns).

Thatpatchoflichen the Shooter (Deep Elf Hunter)     Turns: 3156, Time: 00:17:08

Health: 0/38       AC:  6    Str:  8    XL:     6   Next: 71%
Magic:  8/8        EV: 14    Int: 14    God:
Gold:   129        SH:  0    Dex: 20    Spells: 5/5 levels left

rFire   . . .      SeeInvis .   a - +0 shortbow
rCold   . . .      Faith    .   (shield currently unavailable)
rNeg    . . .      Spirit   .   c - +0 leather armour
rPois   .          Reflect  .   (no helmet)
rElec   .          Harm     .   (no cloak)
rCorr   .          Rampage  .   n - +1 Delatra's gloves {ID++}
Will    .....                   m - +0 pair of boots
Stlth   +++.......              g - amulet of magic regeneration
HPRegen 0.12/turn               (no ring)
MPRegen 0.51/turn               (no ring)

@: no status effects
A: no striking features
a: no special abilities


You were on level 3 of the Dungeon.
You visited 1 branch of the dungeon, and saw 4 of its levels.

You collected 129 gold pieces.

Inventory:

Hand Weapons
 a - a +0 shortbow (weapon)
Missiles
 r - a throwing net
 s - 5 poisoned darts
Armour
 c - a +0 leather armour (worn)
 m - a +0 pair of boots (worn)
 n - the +1 Delatra's gloves (worn) {ID++}
   (You found it on level 2 of the Dungeon)

   It heals its wearer when they drink unknown potions.
   It restores its wearer's MP when they read unknown scrolls.
Jewellery
 g - an amulet of magic regeneration (around neck)
Scrolls
 b - 3 scrolls of immolation
 e - 10 scrolls of identify {unknown}
 f - 2 scrolls of teleportation {unknown}
 j - a scroll of fog {unknown}
 k - a scroll of amnesia {unknown}
 o - a scroll of torment {unknown}
Potions
 d - 3 potions of flight {unknown}
 h - a potion of heal wounds {unknown}
 i - 3 potions of mutation {unknown}
 l - a potion of cancellation {unknown}
 p - 2 potions of berserk rage {unknown}
 q - 2 potions of haste {unknown}


   Skills:
 + Level 3.7 Fighting
 - Level 6.0 Ranged Weapons
 - Level 1.2 Armour
 + Level 5.1 Dodging
 - Level 4.0 Stealth


You had 5 spell levels left.
You didn't know any spells.
Your spell library contained the following spells:

 Spells                   Type           Power      Damage    Failure   Level
 Blink                    Tloc           0%         N/A       52%         2
 Lesser Beckoning         Tloc           0%         N/A       77%         3
 Summon Guardian Golem    Hex/Summ       0%         N/A       77%         3
 Manifold Assault         Tloc           0%         N/A       100%        5
 Orb of Destruction       Conj           0%         9d5       100%        7
 Spellforged Servitor     Conj/Summ      0%         N/A       100%        7


Dungeon Overview and Level Annotations

Branches:
Dungeon (4/15)
 Temple: D:4-7

Altars:
Cheibriados
Elyvilon
Fedhas
Makhleb
Okawaru
Ru
Sif Muna

Annotations:
D:4 Eustachio


Message History

Non-targeted confused fire: a) +0 shortbow
Press: ? - help, Q - select action, (/) - cycle Dir - look around, f - activate You shoot an arrow.
The orc wizard barely misses you. The orc closely misses you.
Non-targeted confused fire: a) +0 shortbow
Press: ? - help, Q - select action, (/) - cycle Dir - look around, f - activate Look: an orc wizard, wielding a +0 dagger and wearing a +0 robe You shoot an arrow.
The arrow misses the orc wizard.
You feel less confused.
The orc wizard hits you with a +0 dagger.
The orc hits you with a +0 mace.
Fire: a) +0 shortbow
Press: ? - help, Q - select action, (/) - cycle Shift-Dir - straight line, f/p - orc wizard
Aim: an orc wizard, wielding a +0 dagger and wearing a +0 robe (60% to hit)
You shoot an arrow.
The arrow hits the orc wizard but does no damage.
The orc wizard misses you. The orc closely misses you.
The orc attacks as you move away! The orc hits you but does no damage.
The orc wizard barely misses you. The orc attacks as you move away!
The orc hits you with a +0 mace.
The orc wizard gestures at you while chanting.
The magic dart hits you.
* * * LOW HITPOINT WARNING * * *
There is an open door here.
You see here a +0 whip.
Fire: a) +0 shortbow
Press: ? - help, Q - select action, (/) - cycle Shift-Dir - straight line, f/p - orc wizard
Aim: an orc wizard, wielding a +0 dagger and wearing a +0 robe (60% to hit)
You shoot an arrow.
The arrow closely misses the orc wizard.
The arrow hits the orc!
You kill the orc!
Fire: a) +0 shortbow
Press: ? - help, Q - select action, (/) - cycle Shift-Dir - straight line, f/p - orc wizard
Aim: an orc wizard, wielding a +0 dagger and wearing a +0 robe (60% to hit)
You shoot an arrow.
The arrow closely misses the orc wizard.
The orc wizard points at you and mumbles some strange words.
The magic dart hits you!
You die...

#.............#........#.#
#.#
##............#........†.#
#.#
#.#######+##.##############.#
#.#...##....................#
#.#.#'##.........############
#.#..............#
#.#...........####
#.............#######
####..(.....).o@....#
#..........#######
#.......>..# #..........#
#..........# ###'######## #.#
#.# #.#


You could see an orc wizard.

Vanquished Creatures
  A black bear (D:4)
  An ogre (D:4)
  A necrophage (D:3)
  A scorpion (D:3)
  4 gnolls (D:3)
  4 adders
  2 worms (D:3)
  2 dart slugs (D:1)
  4 orcs
  6 ball pythons
  7 endoplasms
  3 giant cockroaches
  5 goblins
  4 hobgoblins
  7 bats
  4 frilled lizards
  11 kobolds
  5 rats (D:1)
72 creatures vanquished.

Vanquished Creatures (others)
  5 plants (D:1)
5 creatures vanquished.

Grand Total: 77 creatures vanquished

Notes
Turn   | Place    | Note
-------+----------+-------------------------------------------
     0 | D:1      | Thatpatchoflichen the Deep Elf Hunter began the quest for
                  | the Orb.
     0 | D:1      | Reached XP level 1. HP: 12/12 MP: 3/3
   229 | D:1      | Reached XP level 2. HP: 11/17 MP: 4/4
   364 | D:1      | Reached skill level 6 in Ranged Weapons
   579 | D:1      | Found a faded altar of an unknown god.
   818 | D:1      | Reached XP level 3. HP: 21/21 MP: 5/5
  1245 | D:2      | Found the +1 Delatra's gloves {ID++}
  1489 | D:3      | Reached skill level 1 in Armour
  1586 | D:3      | Reached XP level 4. HP: 27/27 MP: 6/6
  1651 | D:3      | Noticed a scorpion
  1659 | D:3      | Killed a scorpion
  2002 | D:3      | Reached XP level 5. HP: 31/31 MP: 7/7
  2034 | D:3      | Found a snail-covered altar of Cheibriados.
  2034 | D:3      | Found an iron altar of Okawaru.
  2038 | D:3      | Found a blossoming altar of Fedhas.
  2038 | D:3      | Found a shimmering blue altar of Sif Muna.
  2041 | D:3      | Found a white marble altar of Elyvilon.
  2041 | D:3      | Found a sacrificial altar of Ru.
  2278 | D:4      | Noticed an ogre
  2624 | D:4      | Noticed a black bear
  2780 | D:4      | Reached XP level 6. HP: 37/37 MP: 8/8
  2791 | D:4      | Found a burning altar of Makhleb.
  2908 | D:4      | Reached skill level 5 in Dodging
  2927 | D:4      | Noticed Eustachio
  3156 | D:3      | Killed from afar by an orc wizard

Illustrated notes

Levels and vault maps discovered:
D:1:      dpeg_arrival_pond, layout_basic, shapermc_ecumenical_altar_ellora,
          chequers_serial_rivers_micro_d, lexackson_kobold_supper
D:2:      layout_rooms, minmay_pentomino_t4
D:3:      layout_basic, grunt_temple_overflow_open
D:4:      layout_rooms, bloody_makhleb, uniq_eustachio

Skill      XL: |  1  2  3  4  5  6 |
---------------+-------------------+-----
Ranged Weapons | 6 |  6.0
Fighting       | 2 3 |  3.7
Armour         | 1 |  1.2
Dodging        | 3 4 5 |  5.1
Stealth        | 2 3 4 |  4.0

Action                   |  1- 3 |  4- 6 || total
-------------------------+-------+-------++-------
 Fire: Shortbow          |    99 |    99 ||   198
Armor: Leather armour    |    13 |    27 ||    40
Dodge: Dodged            |    20 |    74 ||    94
